BR
AMITY GARDENS WESTERNERS @ WASHINGTON DC HOT SAUCE
08/20/2026
 
TOP OF THE 1ST
Amity Gardens Westerners batting - Pitching for Washington DC Hot Sauce : RHP Carlos Madraso
Pitching: RHP Carlos Madraso
Batting: SHB Emílio Calvillo 0-0: Ball
1-0: Called Strike
1-1: Foul Ball, location: 2F
1-2: Ground out 5-3 (Groundball, 56)
Batting: SHB Norberto Sánchez 0-0: Foul Ball, location: 2F
0-1: Ball
1-1: SINGLE (Line Drive, 4)
Batting: RHB Ramón Rodríguez 0-0: Ball
1-0: Ball
2-0: TRIPLE (Flyball, 8LXD)
Norberto Sánchez scores
Batting: RHB Jorge Loanos 0-0: Ball
1-0: Ball
2-0: Called Strike
2-1: Ball
3-1: Called Strike
3-2: Fly out, F7 (Flyball, 7LD)
Runner from 3rd tags up, SCORES, no throw
Batting: RHB Gary Stephenson 0-0: Ball
1-0: Fly out, F8 (Flyball, 8LM)
Top of the 1st over - 2 run(s), 2 hit(s), 0 error(s), 0 left on base; Amity Gardens 2 - Washington DC 0
BOTTOM OF THE 1ST
Washington DC Hot Sauce batting - Pitching for Amity Gardens Westerners : RHP Alex Crawford
Pitching: RHP Alex Crawford
Batting: RHB Javier González 0-0: Called Strike
0-1: Ball
1-1: SINGLE (Groundball, 34D)
Batting: LHB John White 0-0: Called Strike
0-1: Ball
Javier González is caught stealing 2nd base
1-1: SINGLE (Line Drive, 6M)
Batting: LHB Pedro Camacho 0-0: SINGLE (Line Drive, 34D)
John White to second
Batting: SHB Tony Varela 0-0: Ball
1-0: Foul Ball, location: 2F
1-1: Swinging Strike
1-2: Strikes out swinging
Batting: RHB Júlio García 0-0: Ball
1-0: Called Strike
1-1: Fly out, F4 (Popup, 4)
Bottom of the 1st over - 0 run(s), 3 hit(s), 0 error(s), 2 left on base; Amity Gardens 2 - Washington DC 0
TOP OF THE 2ND
Amity Gardens Westerners batting - Pitching for Washington DC Hot Sauce : RHP Carlos Madraso
Batting: LHB Luis Vázquez 0-0: Called Strike
0-1: Ball
1-1: Foul Ball, location: 2F
1-2: Ball
2-2: Foul Ball, location: 2F
2-2: Fly out, F9 (Flyball, 89S)
Batting: LHB Milo Glenn 0-0: Ball
1-0: Ball
2-0: Called Strike
2-1: Swinging Strike
2-2: Ball
3-2: Foul Ball, location: 2F
3-2: Foul Ball, location: 2F
3-2: Base on Balls
Batting: RHB Roderick Silva 0-0: Ball
1-0: Called Strike
1-1: Ball
2-1: Called Strike
2-2: Ball
3-2: Foul Ball, location: 2F
3-2: Strikes out swinging
Batting: RHB Alexander Barr 0-0: Ball
1-0: Ground out 3-1 (Groundball, 34)
Top of the 2nd over - 0 run(s), 0 hit(s), 0 error(s), 1 left on base; Amity Gardens 2 - Washington DC 0
BOTTOM OF THE 2ND
Washington DC Hot Sauce batting - Pitching for Amity Gardens Westerners : RHP Alex Crawford
Batting: LHB Esteban Zamora 0-0: SINGLE (Groundball, 6MD)
Batting: RHB Manuel Martínez 0-0: Ball
1-0: Foul Ball, location: 2F
1-1: Foul Ball, location: 2F
1-2: Strikes out swinging
Batting: LHB Roderick Delgado 0-0: Called Strike
0-1: SINGLE (Groundball, 56)
Esteban Zamora to second
Batting: RHB Jake Reeves 0-0: Swinging Strike
0-1: Ball
1-1: Ball
2-1: Ball
3-1: Grounds into double play, U5-3 (Groundball, 5L)
Bottom of the 2nd over - 0 run(s), 2 hit(s), 0 error(s), 1 left on base; Amity Gardens 2 - Washington DC 0
TOP OF THE 3RD
Amity Gardens Westerners batting - Pitching for Washington DC Hot Sauce : RHP Carlos Madraso
Batting: SHB Emílio Calvillo 0-0: Ball
1-0: Ball
2-0: Swinging Strike
2-1: Ball
3-1: SINGLE (Groundball, 15) (infield hit)
Batting: SHB Norberto Sánchez 0-0: Ball
1-0: Called Strike
1-1: Ball
2-1: SINGLE (Line Drive, 78M)
Emílio Calvillo to second
Batting: RHB Ramón Rodríguez 0-0: Ball
Emílio Calvillo steals 3rd base
Norberto Sánchez to second
1-0: Foul Ball, location: 2F
1-1: Fly out, F3 (Popup, 13)
Batting: RHB Jorge Loanos 0-0: Ball
1-0: Called Strike
1-1: Fly out, F8 (Flyball, 8RXD)
Runner from 3rd tags up, SCORES, no throw
Norberto Sánchez to third
Batting: RHB Gary Stephenson 0-0: Swinging Strike
0-1: Ball
1-1: SINGLE (Line Drive, 56D)
Norberto Sánchez scores
Batting: LHB Luis Vázquez 0-0: Ball
Gary Stephenson steals 2nd base
1-0: Called Strike
1-1: Ball
2-1: Ground out 6-3 (Groundball, 6)
Top of the 3rd over - 2 run(s), 3 hit(s), 0 error(s), 1 left on base; Amity Gardens 4 - Washington DC 0
BOTTOM OF THE 3RD
Washington DC Hot Sauce batting - Pitching for Amity Gardens Westerners : RHP Alex Crawford
Batting: RHB Javier González 0-0: Fly out, F7 (Line Drive, 78S)
Batting: LHB John White 0-0: Ball
1-0: Swinging Strike
1-1: Foul Ball, location: 2F
1-2: Foul Ball, location: 2F
1-2: Strikes out swinging
Batting: LHB Pedro Camacho 0-0: Ball
1-0: Ball
2-0: SINGLE (Popup, 8LS)
Batting: SHB Tony Varela 0-0: Ball
1-0: Called Strike
1-1: Foul Ball, location: 2F
1-2: Foul Ball, location: 2F
1-2: Foul Ball, location: 2F
1-2: Fly out, F6 (Popup, 4MD)
Bottom of the 3rd over - 0 run(s), 1 hit(s), 0 error(s), 1 left on base; Amity Gardens 4 - Washington DC 0
TOP OF THE 4TH
Amity Gardens Westerners batting - Pitching for Washington DC Hot Sauce : RHP Carlos Madraso
Batting: LHB Milo Glenn 0-0: Ball
1-0: SINGLE (Groundball, 6MD)
Batting: RHB Roderick Silva 0-0: Ball
1-0: Called Strike
1-1: Foul Ball, location: 2F
1-2: Ball
2-2: Strikes out swinging
Batting: RHB Alexander Barr 0-0: Ball
Milo Glenn is caught stealing 2nd base
1-0: Ball
2-0: Ball
3-0: Base on Balls
Batting: SHB Emílio Calvillo 0-0: Foul Ball, location: 2F
0-1: Called Strike
0-2: Ball
1-2: Foul Ball, location: 2F
1-2: Ball
2-2: Ball
3-2: Fly out, F8 (Flyball, 8LM)
Top of the 4th over - 0 run(s), 1 hit(s), 0 error(s), 1 left on base; Amity Gardens 4 - Washington DC 0
BOTTOM OF THE 4TH
Washington DC Hot Sauce batting - Pitching for Amity Gardens Westerners : RHP Alex Crawford
Batting: RHB Júlio García 0-0: Called Strike
0-1: Ball
1-1: Foul Ball, location: 2F
1-2: Foul Ball, location: 2F
1-2: Hit by Pitch
Batting: LHB Esteban Zamora 0-0: Ball
1-0: Foul Ball, location: 2F
1-1: Ball
2-1: Fielders Choice at 2nd, 6-4 (Groundball, 6M)
Batting: RHB Manuel Martínez 0-0: Ball
1-0: Ball
2-0: Called Strike
2-1: Called Strike
2-2: Foul Ball, location: 2F
2-2: Grounds into double play, 6-4-3 (Groundball, 6)
Bottom of the 4th over - 0 run(s), 0 hit(s), 0 error(s), 0 left on base; Amity Gardens 4 - Washington DC 0
TOP OF THE 5TH
Amity Gardens Westerners batting - Pitching for Washington DC Hot Sauce : RHP Carlos Madraso
Pitching: RHP Millard Finch
Batting: SHB Norberto Sánchez 0-0: Ball
1-0: Foul Ball, location: 2F
1-1: SINGLE (Line Drive, 56D)
Batting: RHB Ramón Rodríguez 0-0: Ball
1-0: Foul Ball, location: 2F
1-1: Fly out, F4 (Popup, 34D)
Batting: RHB Jorge Loanos 0-0: Called Strike
0-1: Ball
1-1: Called Strike
1-2: Ball
2-2: Ground out 5-3 (Groundball, 56S)
Norberto Sánchez to second
Batting: RHB Gary Stephenson 0-0: Ball
1-0: Ball
2-0: Called Strike
2-1: Fly out, F9 (Line Drive, 9LM)
Top of the 5th over - 0 run(s), 1 hit(s), 0 error(s), 1 left on base; Amity Gardens 4 - Washington DC 0
BOTTOM OF THE 5TH
Washington DC Hot Sauce batting - Pitching for Amity Gardens Westerners : RHP Alex Crawford
Batting: LHB Roderick Delgado 0-0: Called Strike
0-1: Called Strike
0-2: Ball
1-2: Ground out 4-3 (Groundball, 4MS)
Batting: RHB Jake Reeves 0-0: Called Strike
0-1: Called Strike
0-2: Ball
1-2: Foul Ball, location: 2F
1-2: Ball
2-2: Ball
3-2: Ground out 6-3 (Groundball, 6)
Batting: RHB Javier González 0-0: Ball
1-0: SINGLE (Line Drive, 6M)
Batting: LHB John White 0-0: Called Strike
0-1: Ball
1-1: SINGLE (Line Drive, 4MD)
Javier González to second
Batting: LHB Pedro Camacho 0-0: Foul Ball, location: 2F
0-1: Foul Ball, location: 2F
0-2: Ground out U3 (Groundball, 3S)
Bottom of the 5th over - 0 run(s), 2 hit(s), 0 error(s), 2 left on base; Amity Gardens 4 - Washington DC 0
TOP OF THE 6TH
Amity Gardens Westerners batting - Pitching for Washington DC Hot Sauce : RHP Millard Finch
Batting: LHB Luis Vázquez 0-0: Ball
1-0: Called Strike
1-1: Called Strike
1-2: Foul Ball, location: 2F
1-2: Ball
2-2: Strikes out swinging
Batting: LHB Milo Glenn 0-0: Ball
1-0: Foul Ball, location: 2F
1-1: Called Strike
1-2: Ball
2-2: Strikes out swinging
Batting: RHB Roderick Silva 0-0: Called Strike
0-1: Ball
1-1: Fly out, F8 (Flyball, 8LD)
Top of the 6th over - 0 run(s), 0 hit(s), 0 error(s), 0 left on base; Amity Gardens 4 - Washington DC 0
BOTTOM OF THE 6TH
Washington DC Hot Sauce batting - Pitching for Amity Gardens Westerners : RHP Alex Crawford
Batting: SHB Tony Varela 0-0: Ball
1-0: Foul Ball, location: 2F
1-1: Foul Ball, location: 2F
1-2: Ball
2-2: Ball
3-2: Fly out, F9 (Flyball, 9M)
Pitching: RHP Jorge Román
Batting: RHB Júlio García 0-0: Called Strike
0-1: Ball
1-1: Ground out 6-3 (Groundball, 6)
Batting: LHB Esteban Zamora 0-0: Ball
1-0: Foul Ball, location: 2F
1-1: Called Strike
1-2: Ball
2-2: Strikes out swinging
Bottom of the 6th over - 0 run(s), 0 hit(s), 0 error(s), 0 left on base; Amity Gardens 4 - Washington DC 0
TOP OF THE 7TH
Amity Gardens Westerners batting - Pitching for Washington DC Hot Sauce : RHP Millard Finch
Pitching: LHP Brett French
Batting: RHB Alexander Barr 0-0: Foul Ball, location: 2F
0-1: DOUBLE (Line Drive, 5D)
Batting: SHB Emílio Calvillo 0-0: Bunted foul
0-1: Ball
1-1: Sac Bunt - play at first, batter OUT! 5-4
Alexander Barr to third
Batting: SHB Norberto Sánchez 0-0: SINGLE (Flyball, 78S)
Alexander Barr scores
Batting: RHB Ramón Rodríguez 0-0: Called Strike
0-1: Foul Ball, location: 2F
0-2: SINGLE (Groundball, 6MD) (infield hit)
Norberto Sánchez to second
Batting: RHB Jorge Loanos 0-0: Called Strike
0-1: Fly out, F7 (Flyball, 7LM)
Batting: RHB Gary Stephenson 0-0: Ball
1-0: Called Strike
1-1: Ball
2-1: SINGLE (Groundball, 15S) (infield hit)
Norberto Sánchez to third
Ramón Rodríguez to second
Batting: LHB Luis Vázquez 0-0: Ball
1-0: Called Strike
1-1: Swinging Strike
1-2: Ball
2-2: Foul Ball, location: 2F
2-2: Strikes out swinging
Top of the 7th over - 1 run(s), 4 hit(s), 0 error(s), 3 left on base; Amity Gardens 5 - Washington DC 0
BOTTOM OF THE 7TH
Washington DC Hot Sauce batting - Pitching for Amity Gardens Westerners : RHP Jorge Román
Batting: RHB Manuel Martínez 0-0: SOLO HOME RUN (Flyball, 9D), Distance : 368 ft
Batting: LHB Roderick Delgado 0-0: Called Strike
0-1: Swinging Strike
0-2: Ball
1-2: Foul Ball, location: 2F
1-2: Strikes out looking
Batting: RHB Jake Reeves 0-0: Ball
1-0: Ball
2-0: Swinging Strike
2-1: Ball
3-1: Foul Ball, location: 2F
3-2: Base on Balls
Batting: RHB Javier González 0-0: Called Strike
0-1: Called Strike
0-2: Ball
1-2: Ball
2-2: Ball
3-2: Base on Balls
Jake Reeves to second
Batting: LHB John White 0-0: Called Strike
0-1: Foul Ball, location: 2F
0-2: Reached on error, E1 (Groundball, 15)
Jake Reeves to third
Javier González to second
Batting: LHB Pedro Camacho 0-0: Called Strike
0-1: Ball
1-1: Ball
2-1: Ground out 4-3 (Groundball, 4M)
Jake Reeves scores
Javier González to third
John White to second
Batting: SHB Tony Varela 0-0: Ball
1-0: Foul Ball, location: 2F
1-1: Swinging Strike
1-2: Ball
2-2: Foul Ball, location: 2F
2-2: Strikes out swinging
Bottom of the 7th over - 2 run(s), 1 hit(s), 1 error(s), 2 left on base; Amity Gardens 5 - Washington DC 2
TOP OF THE 8TH
Amity Gardens Westerners batting - Pitching for Washington DC Hot Sauce : LHP Brett French
Batting: LHB Milo Glenn 0-0: SINGLE (Line Drive, 9LS)
Batting: RHB Roderick Silva 0-0: Called Strike
0-1: Foul Ball, location: 2F
0-2: Ball
1-2: Ball
2-2: Strikes out looking
Batting: RHB Alexander Barr 0-0: Foul Ball, location: 2F
0-1: Fly out, F8 (Flyball, 8LM)
Batting: SHB Emílio Calvillo 0-0: Ball
1-0: Foul Ball, location: 2F
1-1: Ball
2-1: Ball
3-1: Reached on Error, E9 (Flyball, 89S)
Milo Glenn to third
Batting: SHB Norberto Sánchez 0-0: Fly out, F3 (Popup, 3S)
Top of the 8th over - 0 run(s), 1 hit(s), 1 error(s), 2 left on base; Amity Gardens 5 - Washington DC 2
BOTTOM OF THE 8TH
Washington DC Hot Sauce batting - Pitching for Amity Gardens Westerners : RHP Jorge Román
Batting: RHB Júlio García 0-0: Ball
1-0: Called Strike
1-1: Swinging Strike
1-2: Ball
2-2: Strikes out swinging
Pitching: RHP Ramón Maestas
Batting: LHB Esteban Zamora 0-0: Ball
1-0: Ball
2-0: Foul Ball, location: 2F
2-1: Called Strike
2-2: Strikes out swinging
Batting: RHB Manuel Martínez 0-0: Foul Ball, location: 2F
0-1: Ball
1-1: Foul Ball, location: 2F
1-2: Strikes out swinging
Bottom of the 8th over - 0 run(s), 0 hit(s), 0 error(s), 0 left on base; Amity Gardens 5 - Washington DC 2
TOP OF THE 9TH
Amity Gardens Westerners batting - Pitching for Washington DC Hot Sauce : LHP Brett French
Pitching: RHP Chris Jacobs
Batting: RHB Ramón Rodríguez 0-0: SINGLE (Groundball, 5)
Batting: RHB Jorge Loanos 0-0: Swinging Strike
0-1: Ball
1-1: Foul Ball, location: 2F
1-2: Foul Ball, location: 2F
1-2: Foul Ball, location: 2F
1-2: Foul Ball, location: 2F
1-2: Foul Ball, location: 2F
1-2: Ball
2-2: Grounds into double play, 1-4-3 (Groundball, 13S)
Batting: RHB Gary Stephenson 0-0: Called Strike
0-1: Ball
1-1: SINGLE (Line Drive, 8RS)
Batting: LHB Luis Vázquez 0-0: Ball
1-0: Called Strike
1-1: Ball
2-1: Fly out, F8 (Flyball, 8RM)
Top of the 9th over - 0 run(s), 2 hit(s), 0 error(s), 1 left on base; Amity Gardens 5 - Washington DC 2
BOTTOM OF THE 9TH
Washington DC Hot Sauce batting - Pitching for Amity Gardens Westerners : RHP Ramón Maestas
Pitching: RHP Anastasio García
Batting: LHB Roderick Delgado 0-0: Called Strike
0-1: Fly out, F5 (Popup, 5SF)
Batting: RHB Jake Reeves 0-0: Swinging Strike
0-1: Swinging Strike
0-2: Ball
1-2: Ball
2-2: Strikes out looking
Batting: RHB Javier González 0-0: Ball
1-0: Ball
2-0: Foul Ball, location: 2F
2-1: Foul Ball, location: 2F
2-2: Foul Ball, location: 2F
2-2: Fly out, F6 (Popup, 6M)
Bottom of the 9th over - 0 run(s), 0 hit(s), 0 error(s), 0 left on base; Amity Gardens 5 - Washington DC 2
Monday, December 5th, 2016 - OOTP Baseball 17.12 Build 75